 Seeded DCSS version 0.31-a0-960-g0fca184906 (webtiles) character file.

Game seed: 2023102369 (custom seed)

2244 muata the Cleaver (level 9, 72/86 HPs)
             Began as a Minotaur Berserker on Oct 23, 2023.
             Was an Elder of Trog.
             Quit the game on level 7 of the Dungeon on Jan 16, 2024.
             The game lasted 00:19:55 (6839 turns).

muata the Cleaver (Minotaur Berserker)              Turns: 6839, Time: 00:19:55

Health: 72/86      AC:  8    Str: 26    XL:     9   Next: 14%
Magic:  8/8        EV: 11    Int:  4    God:    Trog [****..]
Gold:   244        SH:  0    Dex: 16    Spells: 8/8 levels left

rFire   x . .        A - +4 whip (venom)
rCold   + . .        (no shield)
rNeg    . . .        e - +0 scale mail
rPois   .            (helmet restricted)
rElec   .            (no cloak)
rCorr   .            i - +0 pair of gloves
SInv    .            (no boots)
Will    .....        (no amulet) Stlth
                     c - ring of ice
HPRegen 0.34/turn    B - +6 ring of dexterity
MPRegen 0.11/turn

%: no passive effects
@: no status effects
A: horns 2, retaliatory headbutt
a: Renounce Religion, Berserk, Trog's Hand, Brothers in Arms


You were on level 7 of the Dungeon.
You worshipped Trog.
Trog was greatly pleased with you.
You visited 1 branch of the dungeon, and saw 7 of its levels.

You collected 244 gold pieces.

Inventory:

Hand Weapons
 a - a +0 hand axe
 A - a +4 whip of venom (weapon)
Missiles
 s - a throwing net
Armour
 b - a +0 animal skin
 e - a +0 scale mail (worn)
 i - a +0 pair of gloves (worn)
 q - an orb of wrath
Jewellery
 c - a ring of ice (left hand)
 B - a +6 ring of dexterity (right hand)
Talismans
 d - a flux talisman
Wands
 n - a wand of mindburst (17)
 p - a wand of iceblast (10)
Scrolls
 f - 4 scrolls of immolation {unknown}
 g - 2 scrolls of fear
 h - 2 scrolls of noise
 m - 3 scrolls of teleportation {unknown}
 t - a scroll of fog {unknown}
 u - 2 scrolls of vulnerability {unknown}
 w - a scroll of identify
 x - a scroll of poison {unknown}
 y - a scroll of amnesia {unknown}
 D - 3 scrolls of silence {unknown}
Potions
 j - a potion of cancellation {unknown}
 k - 2 potions of curing {unknown}
 l - 2 potions of degeneration
 o - 2 potions of enlightenment {unknown}
 r - 3 potions of might {unknown}
 v - a potion of brilliance {unknown}
 z - a potion of invisibility {unknown}
 C - a potion of mutation {unknown}


   Skills:
 - Level 10.5 Fighting
 - Level 10.5 Axes
 + Level 4.7 Armour
 - Level 2.2 Dodging


You had 8 spell levels left.
You didn't know any spells.
Your spell library was empty.

Dungeon Overview and Level Annotations

Branches:
Dungeon (7/15)             Temple (0/1) D:5

Altars:
Cheibriados
Gozag
Kikubaaqudgha
Sif Muna
Trog
Xom
Zin

Shops:
D:7 (


Innate Abilities, Weirdness & Mutations

You have a pair of horns on your head.
You reflexively headbutt those who attack you in melee.


Message History

You kill the howler monkey!
Trog accepts your kill.
Found a scroll labelled IBLUIX URUEG.
You see here a howler monkey corpse.
Things that are here:
a +0 whip; a stone; a kobold corpse
Items here: ( )))) †.
Okay, then.
Items here: (( )) ††.
Okay, then.
Items here: ( )))) †.
An orc priest comes into view. It is wielding a +0 dagger.
You see here a howler monkey corpse.
An orc wizard comes into view. It is wielding a +0 dagger.
The orc wizard shouts!
An orc comes into view. It is wielding a +0 sling.
The orc priest closely misses you. You furiously retaliate!
You headbutt the orc priest!
An orc priest comes into view. It is wielding a +0 flail.
You barely miss the orc priest.
The orc priest shouts!
You headbutt the orc priest, but do no damage.
The orc priest is almost dead.
The orc priest completely misses you.
You hit the orc priest but do no damage.
The orc priest is poisoned.
You headbutt the orc priest, but do no damage.
Your punch misses the orc priest.
The orc priest is almost dead.
You kill the orc priest!
Trog accepts your kill.
The orc shoots a sling bullet.
The sling bullet barely misses you.
The orc priest calls down the wrath of Beogh upon you.
Pain shoots through your body!
Okay, then.
Welcome back, muata the Minotaur Berserker.
Game seed: 2023102369 (custom seed) Trog says: Kill them all!
Press ? for a list of commands and other information.
Are you sure you want to abandon this character and quit the game? (Confirm with "yes".)

.8.8.......####........
..∩.........#...........
#8.8###.#..###..........
.........#.(##..#.......
........##..(..# ......
........#####.(##....#
......### #.†......#
......## #.....##.#
##.....## #..#@[#
#.......# #...>..#..o..#
#........#.......##.o...
............##.... .o?..
............ ####. ....
............ #. ..
.......... . .
##........ .. .##.......


You could see an orc priest, an orc wizard and an orc.

Vanquished Creatures
  Duvessa (D:5)
  A water moccasin (D:6)
  A black bear (D:6)
  3 ice beasts (D:6)
  A sky beast (D:7)
  An orc warrior (D:7)
  An ogre (D:5)
  2 kobold brigands (D:7)
  A phantom (D:4)
  A gnoll sergeant (D:7)
  2 scorpions
  Dowan (D:5)
  3 howler monkeys (D:7)
  A hound (D:5)
  2 jellies
  5 orc priests
  2 gnoll boudas
  6 orc wizards
  A sleepcap (D:4)
  Ijyb (D:3)
  An iguana (D:5)
  Terence (D:2)
  11 gnolls
  4 adders
  A shadow imp (D:6)
  2 ufetubi (D:6)
  6 worms
  6 dart slugs
  17 orcs
  6 endoplasms
  4 giant cockroaches
  12 goblins
  3 hobgoblins
  11 jackals
  4 quokkas
  6 ball pythons
  3 bats
  2 frilled lizards
  16 kobolds
  3 rats
156 creatures vanquished.

Notes
Turn   | Place    | Note
-------+----------+-------------------------------------------
     0 | D:1      | muata the Minotaur Berserker began the quest for the Orb.
     0 | D:1      | Reached XP level 1. HP: 19/19 MP: 0/0
    66 | D:1      | Reached XP level 2. HP: 22/27 MP: 1/1
   442 | D:1      | Reached skill level 5 in Axes
   595 | D:1      | Reached XP level 3. HP: 30/33 MP: 2/2
   824 | D:2      | Noticed Terence
   831 | D:2      | Killed Terence
   868 | D:2      | Reached ** piety under Trog
   881 | D:2      | Reached XP level 4. HP: 40/40 MP: 3/3
  1327 | D:3      | Noticed Ijyb
  1335 | D:3      | Killed Ijyb
  1336 | D:3      | Reached XP level 5. HP: 33/46 MP: 4/4
  1609 | D:3      | Found a shimmering blue altar of Sif Muna.
  1718 | D:3      | Found an opulent altar of Gozag.
  1719 | D:3      | Found an opulent altar of Gozag.
  1725 | D:3      | Found an opulent altar of Gozag.
  1736 | D:3      | Found an opulent altar of Gozag.
  2107 | D:4      | Identified the "Tiocus"
  2307 | D:4      | Found a bloodstained altar of Trog.
  2328 | D:4      | Reached *** piety under Trog
  2585 | D:4      | Noticed a phantom
  2594 | D:4      | Killed a phantom
  2595 | D:4      | Reached XP level 6. HP: 52/52 MP: 5/5
  2909 | D:5      | Entered Level 5 of the Dungeon
  3363 | D:5      | Found a staircase to the Ecumenical Temple.
  3373 | D:5      | Reached XP level 7. HP: 27/58 MP: 6/6
  3511 | D:5      | Noticed Duvessa
  3523 | D:5      | Killed Duvessa
  3524 | D:5      | Reached skill level 10 in Axes
  3860 | D:5      | Noticed Dowan
  3875 | D:5      | Killed Dowan
  4340 | D:5      | Reached skill level 5 in Fighting
  4658 | D:5      | Found an ancient bone altar of Kikubaaqudgha.
  5031 | D:6      | Reached XP level 8. HP: 70/70 MP: 7/7
  5835 | D:6      | Found a snail-covered altar of Cheibriados.
  5988 | D:7      | Reached **** piety under Trog
  6406 | D:7      | Reached skill level 10 in Fighting
  6641 | D:7      | Noticed an angel
  6642 | D:7      | Found a shimmering altar of Xom.
  6642 | D:7      | Found a glowing silver altar of Zin.
  6671 | D:7      | Found Zeolefuoli's Antique Weapon Shop.
  6684 | D:7      | Reached XP level 9. HP: 72/86 MP: 8/8
  6839 | D:7      | Quit the game

Illustrated notes

Levels and vault maps discovered:
D:1:      wander_arrival_peaceful_grave, layout_basic, kennysheep_nondescript
D:2:      layout_rooms, uniq_terence
D:3:      kennysheep_goblin_castle, layout_basic, kennysheep_orc_sif_temple,
          nicolae_gozag_conspicuous_consumption
D:4:      layout_basic, trog_book, minmay_fountain_box
D:5:      layout_layer_cave, lemuel_coloured_pillars_altar,
          minmay_temple_entry_steel_oval, nicolae_fountain_basement,
          uniq_duvessa
D:6:      layout_basic, slow_altar_2
D:7:      layout_cave_pools, grunt_temple_overflow_order_and_chaos_1,
          serial_shops, nicolae_shop_tiny_statue_garden, st_stairs_12

Skill      XL: |  1  2  3  4  5  6  7  8  9 |
---------------+----------------------------+-----
Axes           | 4 5 6 8 9 10 | 10.5
Fighting       | 6 10 | 10.5
Armour         | 3 4 |  4.7
Dodging        | |  2.2

Action                     |  1- 3 |  4- 6 |  7- 9 || total
---------------------------+-------+-------+-------++-------
  Melee: Hand axe          |    79 |   154 |   108 ||   341
         Headbutt          |    12 |    26 |    39 ||    77
         Whip              |       |       |    70 ||    70
 Invoke: Berserk           |       |     3 |     7 ||    10
         Trog's Hand       |       |       |     1 ||     1
    Use: Scroll            |       |     4 |       ||     4
   Stab: Sleeping          |     1 |       |       ||     1
 Armour: Animal skin       |    23 |       |       ||    23
         Scale mail        |    12 |   101 |   144 ||   257
         Skin              |     2 |       |       ||     2
  Dodge: Dodged            |    48 |    75 |   104 ||   227

Table legend: (Time is in decaauts)
 A = Elapsed time spent in this place.
 B = Non-inter-level travel time spent in this place.
 C = Inter-level travel time spent in this place.
 D = Time resting spent in this place.
 E = Time spent auto-exploring this place.
 F = Levels seen in this place.
 G = Mean time per level.
                   A        B        C        D        E       F      G
               +--------+--------+--------+--------+--------+-----+--------+
         Total |   6881 |   6600 |    281 |   1339 |   3920 |   7 |  983.0 |
       Dungeon |   6881 |   6600 |    281 |   1339 |   3920 |   7 |  983.0 |
               +--------+--------+--------+--------+--------+-----+--------+

Top non-repeatable levels by time:
     D:5: 1903 daAuts
     D:6: 1546 daAuts
     D:4: 964 daAuts
     D:3: 916 daAuts
     D:1: 769 daAuts
     D:2: 438 daAuts
     D:7: 342 daAuts
